 Dungeon Crawl Stone Soup version 0.25-a0-822-g6581751b11 (webtiles) character file.

Game seed: 8156717284399129419, levelgen mode: deterministic

63 unvid the Shield-Bearer (level 4, -1/31 HPs)
             Began as an Octopode Fighter on Apr 20, 2020.
             Slain by Natasha (5 damage)
             ... on level 2 of the Dungeon.
             The game lasted 00:01:53 (1512 turns).

unvid the Shield-Bearer (Octopode Fighter)          Turns: 1512, Time: 00:01:53

Health: -1/31      AC:  1    Str: 15    XL:     4   Next: 10%
Magic:  4/4        EV: 11    Int: 11    God:
Gold:   87         SH:  9    Dex: 11    Spells: 3/3 levels left

rFire    . . .     SeeInvis .   a - +0 long sword
rCold    . . .     Gourm    .   b - +0 kite shield
rNeg     . . .     Faith    .   (helmet restricted)
rPois    .         Spirit   .   (no amulet)
rElec    .         Reflect  .   (no ring)
rCorr    .         Harm     .   (no ring)
MR       .....                  (no ring)
Stlth    +++.......             (no ring)
HPRegen  0.10/turn              (no ring)
MPRegen  0.09/turn              (no ring)
                                (no ring)
                                (no ring)

@: no status effects
A: almost no armour, stealthy swim, amphibious, 8 rings, constrict 8, camouflage
1, gelatinous body 1
a: no special abilities


You were on level 2 of the Dungeon.
You were not hungry.

You visited 1 branch of the dungeon, and saw 2 of its levels.

You collected 87 gold pieces.

Inventory:

Hand Weapons
 a - a +0 long sword (weapon)
Missiles
 g - 95 stones (quivered)
Armour
 b - a +0 kite shield (worn)
Scrolls
 e - a scroll of blinking {unknown}
 f - a scroll of identify {unknown}
 l - 2 scrolls of teleportation {unknown}
 m - 2 scrolls of remove curse {unknown}
Potions
 c - a potion of might
 h - a potion of curing {unknown}
 i - a potion of brilliance {unknown}
 j - 2 potions of heal wounds {unknown}
 k - 2 potions of stabbing {unknown}
Comestibles
 d - 3 rations


   Skills:
 - Level 3.0 Fighting
 + Level 2.9 Long Blades
 - Level 3.0 Dodging
 + Level 2.7 Stealth
 + Level 3.7 Shields


You had 3 spell levels left.
You didn't know any spells.
Your spell library was empty.

Dungeon Overview and Level Annotations

Branches:
Dungeon (2/15)

Altars:

Annotations:
D:2 Natasha


Innate Abilities, Weirdness & Mutations

You cannot wear most types of armour.
You are very stealthy in the water. (Stealth+)
You are amphibious.
You can wear up to eight rings at the same time.
You can use your tentacles to constrict eight enemies at once.
Your skin changes colour to match your surroundings (Stealth+).
Your rubbery body absorbs attacks. (AC +1, EV +1)


Message History

Natasha stares at you and mumbles some strange words.
The magic dart hits you!
You barely miss Natasha. You grab Natasha.
You squeeze Natasha, but do no damage.
You constrict Natasha, but do no damage.
You block the hobgoblin's attack.
Natasha stares at you and mumbles some strange words.
The magic dart hits you!
You slash Natasha!
Natasha is heavily wounded.
You constrict Natasha. The hobgoblin barely misses you.
You riposte.
You barely miss the hobgoblin. You grab the hobgoblin.
You squeeze the hobgoblin.
You kill the hobgoblin!
Natasha zaps a wand.
The puff of flame hits you!
* * * LOW HITPOINT WARNING * * *
You hit Natasha.
Natasha is severely wounded.
You constrict Natasha. Natasha claws you but does no damage. Natasha claws you.
You die...

...........###........
########.#...#........ #
#.##.###..#....### #
####.#..###......# #
#.#.[#........##.# .
####...#..##....##..##..
#.#....#..##.....# ....#
##....##..##.#...#......
#.#...##.....#..@h....#
##...###...####..)....#
#....###...# #.........
#÷.#.#.#...#####>....#.#
#
##..#.##.....####......#
. #
..#..#.#..##.##≈#......##
. #
#..#.###..##.##≈#.......#
.#####
#.....##..##.##≈##...##.#
...##
..8.8..........≈.#.......
#..##


You could see Natasha.

Vanquished Creatures
  Natasha (D:2)
  A worm (D:2)
  A dart slug (D:1)
  2 leopard geckos
  2 giant cockroaches (D:1)
  6 goblins
  4 hobgoblins
  4 kobolds
  2 quokkas (D:2)
  4 bats
  3 rats (D:1)
30 creatures vanquished.

Notes
Turn   | Place    | Note
-------+----------+-------------------------------------------
     0 | D:1      | unvid the Octopode Fighter began the quest for the Orb.
     0 | D:1      | Reached XP level 1. HP: 16/16 MP: 1/1
   210 | D:1      | Reached skill level 1 in Stealth
   210 | D:1      | Reached XP level 2. HP: 15/21 MP: 2/2
   618 | D:1      | Reached XP level 3. HP: 26/26 MP: 3/3
   971 | D:2      | Found a faded altar of an unknown god.
  1013 | D:2      | Noticed Natasha
  1018 | D:2      | Killed Natasha
  1078 | D:2      | Noticed Natasha
  1350 | D:2      | Reached XP level 4. HP: 30/31 MP: 4/4
  1512 | D:2      | Slain by Natasha

Levels and vault maps discovered:
D:1:      wheals_arrival_linesprint, layout_basic
D:2:      wad_crossroads, layout_rooms, lemuel_coloured_pillars_altar,
          chequers_ecumenical_altar_twisty, chequers_serial_rivers_micro_a,
          uniq_natasha

Skill      XL: |  1  2  3 |
---------------+----------+-----
Stealth        | 1 2 |  2.7
Fighting       | |  3.0
Long Blades    | |  2.9
Dodging        | |  3.0
Shields        | |  3.7

Action                   |  1- 3 |  4- 6 || total
-------------------------+-------+-------++-------
Melee: Long sword        |    42 |     9 ||    51
       Constrict         |    13 |     4 ||    17
       Tentacles         |     5 |     3 ||     8
Throw: Stone             |     2 |       ||     2
 Stab: Sleeping          |     7 |     3 ||    10
  Eat: Chunk             |     1 |     1 ||     2
Armor: Skin              |     3 |     1 ||     4
Dodge: Dodged            |    10 |     5 ||    15
Block: Kite shield       |    13 |     1 ||    14
       Rpst.: Long sword |     3 |     1 ||     4

Table legend:
 A = Non-vault XP
 B = Vault XP
 C = Vault XP percentage of total XP
 D = Non-vault monster count
 E = Vault monster count
 F = Vault count percentage of total count
                 A         B        C        D         E       F
            +---------+---------+-------+---------+---------+-------
      Total |      46 |      45 |  49.5 |      26 |       4 |  13.3
            +---------+---------+-------+---------+---------+-------
        D:1 |      35 |       0 |   0.0 |      20 |       0 |   0.0
        D:2 |      11 |      45 |  80.4 |       6 |       4 |  40.0
            +---------+---------+-------+---------+---------+-------
